[Event "Team 45 45 League T44"]
[Site "Internet Chess Club"]
[Date "2010.02.15"]
[Round "2"]
[White "Jugurtha"]
[Black "smitty120"]
[Result "1/2-1/2"]
[WhiteElo "1929"]
[BlackElo "1936"]
[Opening "Dutch with c4 & Nc3"]
[ECO "A85"]
[Time "13:09:23"]
[TimeControl "2700+45"]

1. d4 f5 2. c4 Nf6 3. Nc3 g6 4. Bg5 Bg7 5. f3 O-O 6. h4 d6 7. Nh3 Qe8 8. Nf4 e5
9. dxe5 dxe5 10. Ncd5 Na6 11. Nxf6+ Bxf6 12. Nd5 Bg7 13. Qb3 c6 14. Ne7+ Kh8 15.
h5 gxh5 16. Nxc8 Qxc8 17. g3 Nc5 18. Qb4 Ne6 19. Bd2 c5 20. Qa4 Nd4 21. Bc3 e4
22. O-O-O exf3 23. exf3 Qe8 24. Qxe8 {Game drawn by mutual agreement} 1/2-1/2

[Event "Team 45 45 League T44"]
[Site "Internet Chess Club"]
[Date "2010.02.12"]
[Round "2"]
[White "ddlj81"]
[Black "Camalleo"]
[Result "0-1"]
[WhiteElo "1814"]
[BlackElo "1853"]
[Opening "Sicilian: Kan, 5.Bd3"]
[ECO "B42"]
[Time "02:44:55"]
[TimeControl "2700+45"]

1. e4 c5 2. Nf3 e6 3. d4 cxd4 4. Nxd4 a6 5. Bd3 Nc6 6. Nxc6 bxc6 7. O-O Qc7 8.
Qe2 Bd6 9. f4 Bc5+ 10. Kh1 d5 11. exd5 cxd5 12. f5 Nf6 13. fxe6 Bxe6 14. Bf5 O-O
15. Bxe6 fxe6 16. Qxe6+ Kh8 17. Bf4 Nh5 18. g3 Nxf4 19. gxf4 Qb7 20. Nd2 Rae8
21. Qg4 Qxb2 22. Nf3 Ba7 23. Ne5 Bd4 24. Nd7 Qxc2 25. Rae1 Qc8 26. h3 Rxe1 27.
Rxe1 Re8 28. Rxe8+ Qxe8 29. Ne5 g6 30. Qg5 Kg7 31. Kg2 Qe6 32. h4 h6 33. Qg3 Qf5
34. a4 Bxe5 35. fxe5 Qe4+ 36. Kh3 Qh1+ 37. Kg4 h5+ 38. Kf4 Qe4+ 39. Kg5 Qf5#
{White checkmated} 0-1

[Event "Team 45 45 League T44"]
[Site "Internet Chess Club"]
[Date "2010.02.14"]
[Round "2"]
[White "LukeOZade"]
[Black "mpe"]
[Result "1-0"]
[WhiteElo "1800"]
[BlackElo "1531"]
[Opening "Caro-Kann: advance variation"]
[ECO "B12"]
[Time "12:01:18"]
[TimeControl "2700+45"]

1. e4 c6 2. d4 d5 3. e5 c5 4. c3 Nc6 5. Be3 Bf5 6. Nf3 Bg4 7. Nbd2 e6 8. Qb3 Qc7
9. dxc5 Nge7 10. Bd3 Nf5 11. Bd4 Bxf3 12. Nxf3 Nfxd4 13. cxd4 Qa5+ 14. Ke2 Rb8
15. Bb5 Kd7 16. Ng5 Qxb5+ 17. Qxb5 {Black resigns} 1-0

[Event "Team 45 45 League T44"]
[Site "Internet Chess Club"]
[Date "2010.02.14"]
[Round "2"]
[White "QueensCounselor"]
[Black "justice02"]
[Result "1-0"]
[WhiteElo "2101"]
[BlackElo "1724"]
[Opening "Caro-Kann: exchange, Rubinstein variation"]
[ECO "B13"]
[Time "12:00:09"]
[TimeControl "2700+45"]

1. e4 c6 2. d4 d5 3. exd5 cxd5 4. Bd3 Nc6 5. c3 Nf6 6. Bf4 Bg4 7. Qb3 Qc8 8. Nd2
e6 9. Ngf3 Be7 10. O-O Bh5 11. Ne5 Nd7 12. Ndf3 Bd6 13. Nxf7 Bxf4 14. Nxh8 Ke7
15. Rae1 Qxh8 16. Qxd5 Bf7 17. Ng5 Nb6 18. Rxe6+ {Black resigns} 1-0

[Event "Team 45 45 League T44"]
[Site "Internet Chess Club"]
[Date "2010.02.15"]
[Round "2"]
[White "Goli"]
[Black "upsan"]
[Result "0-1"]
[WhiteElo "1787"]
[BlackElo "1805"]
[Opening "Scandinavian defense"]
[ECO "B01"]
[Time "15:00:20"]
[TimeControl "2700+45"]

1. e4 d5 2. exd5 Nf6 3. d4 Bg4 4. Nf3 Nxd5 5. Be2 e6 6. O-O Nc6 7. c4 Nb6 8. b3
Qd7 9. Be3 Be7 10. Nc3 Rd8 11. Qd2 Bxf3 12. Bxf3 Nxd4 13. Bxd4 Qxd4 14. Qxd4
Rxd4 15. Nb5 Rd2 16. Bxb7 O-O 17. Nxa7 c5 18. a4 Rd7 19. a5 Rxb7 20. axb6 Rxb6
21. Nb5 Rd8 22. Rfd1 Rxd1+ 23. Rxd1 Ra6 24. Kf1 f5 25. Rd7 Kf7 26. Ra7 Rxa7 27.
Nxa7 Bf6 28. Nc6 Ke8 29. b4 cxb4 30. Nxb4 Kd7 31. Ke2 Kd6 32. Kd3 g5 33. Nc2 Kc5
34. h3 h5 35. f3 h4 36. Na3 Bd4 37. Nc2 Bf2 38. Na1 e5 39. Nc2 Bg1 40. Ne1 Bh2
41. Nc2 Bf4 42. Na3 g4 43. hxg4 e4+ 44. Ke2 fxg4 45. fxg4 Kb4 46. Nc2+ Kxc4 47.
Ne3+ Kc5 48. Kf2 Kd4 49. Nf5+ Kd3 50. Nxh4 e3+ 51. Kg1 e2 52. Nf3 Ke3 53. Kh1
Kf2 54. g5 Bxg5 55. Kh2 Bf4+ 56. Kh3 Bg3 57. Ne5 Bxe5 {White resigns} 0-1

[Event "Team 45 45 League T44"]
[Site "Internet Chess Club"]
[Date "2010.02.15"]
[Round "2"]
[White "qs16"]
[Black "byebyebadman"]
[Result "0-1"]
[WhiteElo "1793"]
[BlackElo "1828"]
[Opening "Queen's pawn game"]
[ECO "A45"]
[Time "15:00:21"]
[TimeControl "2700+45"]

1. d4 Nf6 2. e3 c5 3. c3 b6 4. f4 Bb7 5. Nf3 g6 6. Nbd2 Bg7 7. Bd3 O-O 8. O-O
Qc7 9. Qe2 Nc6 10. Ne5 Rac8 11. a3 Rfd8 12. Nxc6 Qxc6 13. Nf3 Ne4 14. Bd2 d6 15.
Rac1 c4 16. Bb1 f5 17. Be1 h6 18. Rd1 Qb5 19. Bh4 Re8 20. Be1 e6 21. Bd2 Qxb2
22. Bxe4 Bxe4 23. Qf2 Kh7 24. Qg3 Bf6 25. Nh4 Rg8 26. Qe1 Bc2 27. Rc1 Bd3 28.
Nf3 Bxf1 29. Kxf1 Qb5 30. a4 Qxa4 31. Ra1 Qd7 32. e4 Rge8 33. e5 dxe5 34. fxe5
Bg7 35. Qh4 Ra8 36. Ng5+ Kg8 37. Nh3 Qe7 38. Qg3 g5 39. Qf2 a5 40. Qe2 b5 41.
Kg1 Rec8 42. g4 fxg4 43. Qxg4 b4 44. Bxg5 hxg5 45. Nxg5 b3 46. Qh5 Bh8 47. Rf1
b2 48. Nf7 Bg7 49. Qg6 Rf8 50. Nh6+ Kh8 51. Nf7+ Rxf7 {White resigns} 0-1

[Event "Team 45 45 League T44"]
[Site "Internet Chess Club"]
[Date "2010.02.14"]
[Round "2"]
[White "randallsr"]
[Black "oldsj"]
[Result "1-0"]
[WhiteElo "1779"]
[BlackElo "1533"]
[Opening "English opening"]
[ECO "A05"]
[Time "10:04:34"]
[TimeControl "2700+45"]

1. Nf3 Nf6 2. c4 g6 3. b3 Bg7 4. Bb2 O-O 5. g3 d6 6. Bg2 e5 7. d3 Nbd7 8. Nbd2
Re8 9. O-O Nc5 10. b4 Ne6 11. a4 a5 12. b5 Bd7 13. Nb3 c5 14. Bc3 Nd4 15. Nfxd4
cxd4 16. Bd2 Ra7 17. c5 dxc5 18. Nxc5 b6 19. Nxd7 Nxd7 20. Bc6 Re6 21. Bxd7 Qxd7
22. Rc1 Rc7 23. Rxc7 Qxc7 24. Qb3 Re8 25. Rc1 Qb7 26. Rc6 Bf8 27. Qd5 Qb8 28.
Qc4 Bc5 29. Bxa5 bxa5 30. Qxc5 Qd8 31. b6 Qb8 32. Qxa5 Qa8 33. Qxa8 Rxa8 34. b7
{Black resigns} 1-0

[Event "Team 45 45 League T44"]
[Site "Internet Chess Club"]
[Date "2010.02.14"]
[Round "2"]
[White "Karpyan"]
[Black "tsia68"]
[Result "1-0"]
[WhiteElo "1852"]
[BlackElo "1850"]
[Opening "King's Indian: 4.e4"]
[ECO "E70"]
[Time "15:08:28"]
[TimeControl "2700+45"]

1. d4 Nf6 2. c4 g6 3. Nc3 Bg7 4. e4 d6 5. Bd3 O-O 6. Nge2 e5 7. d5 Nh5 8. O-O
Qh4 9. Be3 f5 10. exf5 gxf5 11. f4 Bh6 12. g3 Qg4 13. Qd2 Nd7 14. Nb5 Nc5 15.
Nxc7 Rb8 16. Nb5 a6 17. Nxd6 Nxd3 18. Qxd3 exf4 19. Bxf4 Bxf4 20. Nxf4 Bd7 21.
c5 Rf7 {Black resigns} 1-0

[Event "Team 45 45 League T44"]
[Site "Internet Chess Club"]
[Date "2010.02.11"]
[Round "2"]
[White "PJ"]
[Black "SneakyRed"]
[Result "1/2-1/2"]
[WhiteElo "1781"]
[BlackElo "1834"]
[Opening "Caro-Kann: classical, 7...Nd7"]
[ECO "B19"]
[Time "10:01:42"]
[TimeControl "2700+45"]

1. e4 c6 2. d4 d5 3. Nc3 dxe4 4. Nxe4 Bf5 5. Ng3 Bg6 6. h4 h6 7. Nf3 Nd7 8. Bd3
Bxd3 9. Qxd3 e6 10. Bd2 Ngf6 11. O-O-O Be7 12. Ne4 Nxe4 13. Qxe4 Nf6 14. Qe2 Qd5
15. c4 Qe4 16. Rhe1 Qxe2 17. Rxe2 O-O 18. Ne5 Rfd8 19. Bc3 Rac8 20. Kc2 b5 21.
b3 Nd7 22. g3 Nxe5 23. dxe5 Rxd1 24. Kxd1 Rd8+ 25. Rd2 Rxd2+ 26. Kxd2 Bc5 27.
Ke2 Kh7 28. h5 g6 29. g4 Kg7 30. f3 b4 31. Bb2 Be7 32. f4 c5 33. Kf3 gxh5 34.
gxh5 f5 35. Bc1 {Game drawn by mutual agreement} 1/2-1/2

[Event "Team 45 45 League T44"]
[Site "Internet Chess Club"]
[Date "2010.02.11"]
[Round "2"]
[White "Duguesclin"]
[Black "room-matt"]
[Result "1/2-1/2"]
[WhiteElo "1633"]
[BlackElo "1721"]
[Opening "Budapest defense"]
[ECO "A52"]
[Time "15:00:18"]
[TimeControl "2700+45"]

1. d4 Nf6 2. c4 e5 3. dxe5 Ng4 4. e6 fxe6 5. e4 h5 6. Be2 Bb4+ 7. Nc3 Bxc3+ 8.
bxc3 Qf6 9. Bxg4 hxg4 10. Qd4 e5 11. Qc5 Rf8 12. Be3 Nc6 13. Ne2 d6 14. Qb5 a6
15. Qb3 b6 16. Ng3 Na5 17. Qb4 Bd7 18. Nf5 Bxf5 19. exf5 Qxf5 20. O-O-O Qe4 21.
c5 Qxb4 22. cxb4 Nc4 23. cxd6 cxd6 24. Rhe1 Rc8 25. Kb1 Nxe3 26. Rxe3 Rf6 27.
Rg3 Rg6 28. h3 Kd7 29. hxg4 Rc4 30. Rb3 Rgxg4 31. a3 Rxg2 32. Rbd3 Rg6 33. Re3
Rd4 34. Rxd4 exd4 35. Re4 Rg1+ 36. Kc2 Rg2 37. Rf4 Kc6 38. a4 b5 39. a5 Kd5 40.
Kd3 Ke5 41. Re4+ Kf5 42. Rxd4 Rxf2 43. Rxd6 Rf3+ 44. Kd4 Rf4+ 45. Kc5 Rc4+ 46.
Kb6 Rxb4 47. Kxa6 g5 48. Rd5+ Kf4 49. Rxb5 Re4 50. Rb8 g4 51. Rf8+ Ke3 52. Kb7
g3 53. a6 g2 54. Rg8 Kf3 55. a7 Rg4 56. a8=Q g1=Q 57. Kc7+ Kf4 58. Qf8+ Ke4 59.
Qe7+ Kf3 60. Qf6+ Ke4 61. Qe6+ Kf4 62. Qc4+ Kf3 63. Qd5+ Kf4 64. Rf8+ Kg3 65.
Qf3+ Kh4 66. Rh8+ Kg5 67. Rg8+ Kh4 68. Rxg4+ Qxg4 69. Qxg4+ Kxg4 {Game drawn
because neither player has mating material} 1/2-1/2

[Event "Team 45 45 League T44"]
[Site "Internet Chess Club"]
[Date "2010.02.15"]
[Round "2"]
[White "Konstantinos"]
[Black "bondguy01"]
[Result "1-0"]
[WhiteElo "1743"]
[BlackElo "1674"]
[Opening "King's Indian, 3.Nf3"]
[ECO "E60"]
[Time "12:00:51"]
[TimeControl "2700+45"]

1. d4 Nf6 2. c4 g6 3. Nf3 Bg7 4. e3 O-O 5. Be2 d6 6. Nc3 c5 7. O-O a6 8. Re1 Nc6
9. Rb1 Bf5 10. Bd3 Bg4 11. h3 Bxf3 12. Qxf3 cxd4 13. exd4 Nxd4 14. Qxb7 Ne6 15.
Be3 Re8 16. Ne4 Qc7 17. Nxf6+ Bxf6 18. Be4 Qxb7 19. Bxb7 Rab8 20. Bxa6 Ra8 21.
Bb5 Reb8 22. a4 Nc7 23. b3 Nxb5 24. cxb5 Kf8 25. Rec1 Rb7 26. Rc6 Ke8 27. Rbc1
Kd7 28. Bb6 Ke6 29. a5 Rxa5 30. Bxa5 Rxb5 31. b4 Bb2 32. R1c2 Ba3 33. Ra2 Bxb4
34. Bxb4 Rxb4 35. Rc8 Rb7 36. Rh8 h5 37. Re2+ Kf6 38. Rd8 Rc7 39. Kh2 Rc6 40.
Rd7 e6 41. f3 e5 42. h4 Ke6 43. Ra7 d5 44. Kg1 Rd6 45. Rb2 d4 46. Kf2 f6 47. Ra5
Kf5 48. g3 Ke6 49. Rab5 Kf5 50. Rb6 Rxb6 51. Rxb6 g5 52. hxg5 fxg5 53. Rh6 h4
54. gxh4 gxh4 55. Rxh4 Kg5 56. Re4 Kf5 57. Ke2 Kf6 58. Kd3 Kf5 59. Kc4 Kf6 60.
f4 exf4 61. Rxf4+ Ke5 62. Rxd4 Ke6 63. Rd5 Kf6 64. Ra5 Ke6 65. Kd4 Kf6 66. Ke4
Ke6 67. Ra6+ Kd7 68. Ke5 Kc7 69. Kd5 Kb7 70. Rh6 Kc7 71. Rg6 Kb7 72. Kc5 Kc7 73.
Rg7+ Kd8 74. Kc6 Ke8 75. Kd6 Kf8 76. Rb7 Ke8 77. Ra7 Kf8 78. Ke6 Kg8 79. Kf6 Kh8
80. Kg6 Kg8 81. Ra8# {Black checkmated} 1-0

[Event "Team 45 45 League T44"]
[Site "Internet Chess Club"]
[Date "2010.02.15"]
[Round "2"]
[White "theophilus"]
[Black "Colombiano07"]
[Result "1-0"]
[WhiteElo "2141"]
[BlackElo "2100"]
[Opening "Benkö gambit: Zaitsev system"]
[ECO "A57"]
[Time "11:00:37"]
[TimeControl "2700+45"]

1. d4 Nf6 2. c4 c5 3. d5 b5 4. cxb5 a6 5. Nc3 axb5 6. e4 b4 7. Nb5 d6 8. Nf3
Nxe4 9. Bc4 Nf6 10. Qe2 g6 11. Bf4 Ra6 12. Nxd6+ Rxd6 13. Bb5+ Rd7 14. Bxb8 Bg7
15. d6 O-O 16. Bxd7 Qxd7 17. dxe7 Re8 18. O-O Rxe7 19. Qc2 Qb5 20. Bd6 Re2 21.
Qxc5 Qxc5 22. Bxc5 Rxb2 23. Rab1 Rxa2 24. Rxb4 Nd7 25. Rd1 Nxc5 26. Rb8 Ne6 27.
Rxc8+ Bf8 28. h3 Kg7 29. Nd4 Nf4 30. Rc2 Ra4 31. Nf3 Re4 32. Rd7 Ne6 33. g3 Bc5
34. Ng5 Bxf2+ 35. Rxf2 Nxg5 36. Kg2 Re3 37. h4 Ne4 38. Rfxf7+ Kg8 39. Rg7+ Kf8
40. Rdf7+ Ke8 41. Ra7 Kf8 42. Rxh7 Kg8 43. Rag7+ Kf8 44. Rxg6 {Black resigns}
1-0

[Event "Team 45 45 League T44"]
[Site "Internet Chess Club"]
[Date "2010.02.14"]
[Round "2"]
[White "Majamutu"]
[Black "BadHabitMarco"]
[Result "1-0"]
[WhiteElo "2028"]
[BlackElo "1929"]
[Opening "Sicilian: Najdorf, 7...Be7 main line"]
[ECO "B99"]
[Time "10:30:13"]
[TimeControl "2700+45"]

1. e4 c5 2. Nf3 d6 3. d4 cxd4 4. Nxd4 Nf6 5. Nc3 a6 6. Bg5 e6 7. f4 Be7 8. Qf3
Qc7 9. O-O-O Nbd7 10. g4 b5 11. Bxf6 Nxf6 12. g5 Nd7 13. f5 Nc5 14. f6 gxf6 15.
gxf6 Bf8 16. Rg1 Bd7 17. Re1 O-O-O 18. a3 Qa5 19. Kb1 b4 20. axb4 Qxb4 21. Rd1
Kc7 22. Na2 Qb6 23. Qc3 Rb8 24. Nb3 Kb7 25. Nxc5+ dxc5 26. Rxd7+ Ka8 27. e5
{Black resigns} 1-0

[Event "Team 45 45 League T44"]
[Site "Internet Chess Club"]
[Date "2010.02.14"]
[Round "2"]
[White "koni"]
[Black "cesaralexander"]
[Result "1-0"]
[WhiteElo "2051"]
[BlackElo "1993"]
[Opening "QGA: classical, Rubinstein variation"]
[ECO "D26"]
[Time "03:45:57"]
[TimeControl "2700+45"]

1. Nf3 d5 2. d4 Nf6 3. c4 dxc4 4. e3 e6 5. Bxc4 a6 6. a4 c5 7. O-O Nc6 8. Qe2
cxd4 9. Rd1 Be7 10. exd4 O-O 11. Nc3 Nb4 12. Ne5 Nfd5 13. Bb3 b6 14. Nxd5 Nxd5
15. Nc6 Qd6 16. Bxd5 Bb7 17. Nxe7+ Qxe7 18. Bxb7 Qxb7 19. Be3 {Black resigns}
1-0

[Event "Team 45 45 League T44"]
[Site "Internet Chess Club"]
[Date "2010.02.14"]
[Round "2"]
[White "primerpaso"]
[Black "poni"]
[Result "0-1"]
[WhiteElo "1880"]
[BlackElo "1931"]
[Opening "English: Sicilian reversed"]
[ECO "A25"]
[Time "11:04:32"]
[TimeControl "2700+45"]

1. c4 e5 2. Nc3 Nc6 3. g3 Nf6 4. Bg2 Bc5 5. e3 d5 6. Nxd5 Nxd5 7. cxd5 Nb4 8.
Qb3 c6 9. dxc6 bxc6 10. a3 Nd3+ 11. Ke2 Ba6 12. Bxc6+ Ke7 13. Bb5 Rb8 14. a4 Qa5
15. Qc3 Rxb5 16. axb5 Qxa1 17. Qxd3 Bb7 18. Qc3 Bd6 19. Nf3 Rc8 20. Qb3 Bxf3+
21. Kxf3 Rxc1 22. Rxc1 Qxc1 23. Qa4 Bc5 24. Qh4+ f6 25. Qxh7 Qd1+ 26. Kg2 Qg4
27. h4 Kf7 28. Qd3 Qe6 29. b3 Ke7 30. Qc4 Kd6 31. Kf1 Qxc4+ 32. bxc4 e4 33. f3
Bb4 34. fxe4 Bxd2 35. Ke2 Bc3 36. g4 Kc5 37. Kd3 Be5 38. g5 fxg5 39. hxg5 g6
{White resigns} 0-1

[Event "Team 45 45 League T44"]
[Site "Internet Chess Club"]
[Date "2010.02.15"]
[Round "2"]
[White "ferrari9182"]
[Black "Erle"]
[Result "0-1"]
[WhiteElo "2095"]
[BlackElo "1857"]
[Opening "Sicilian: closed"]
[ECO "B25"]
[Time "13:00:08"]
[TimeControl "2700+45"]

1. e4 c5 2. Nc3 Nc6 3. g3 g6 4. Bg2 Bg7 5. d3 d6 6. Nge2 Nf6 7. O-O O-O 8. f4
Bg4 9. h3 Bd7 10. g4 a6 11. f5 Ne5 12. Ng3 Qb6 13. g5 Ne8 14. Nd5 Qd8 15. f6
exf6 16. gxf6 Nxf6 17. Bg5 Nxd5 18. Bxd8 Ne3 19. Qe2 Nxf1 20. Nxf1 Raxd8 21. Ne3
b5 22. Rf1 Be6 23. c3 c4 24. d4 Nd3 25. b3 Bh6 26. d5 Bc8 27. bxc4 Bxe3+ 28.
Qxe3 bxc4 29. Rb1 Rfe8 30. Bf1 Nc5 31. Bg2 Bf5 32. Rb6 Bxe4 33. Bxe4 Rxe4 34.
Qg3 Rde8 35. Rb1 R8e5 36. Qf2 Kg7 37. Rf1 Rf5 38. Qg3 Rxf1+ 39. Kxf1 Re5 40. Qg4
Ne4 41. Qd1 Nxc3 42. Qd4 Nxd5 43. Kf2 c3 44. Qc4 Ne3 45. Qc6 c2 46. Qxd6 Rf5+
47. Kxe3 c1=Q+ 48. Ke2 Qf1+ 49. Ke3 Qe1+ {White resigns} 0-1

[Event "Team 45 45 League T44"]
[Site "Internet Chess Club"]
[Date "2010.02.15"]
[Round "2"]
[White "monsterpawn"]
[Black "EBK"]
[Result "1/2-1/2"]
[WhiteElo "1884"]
[BlackElo "1771"]
[Opening "Nimzo-Indian: classical variation"]
[ECO "E32"]
[Time "12:02:11"]
[TimeControl "2700+45"]

1. d4 Nf6 2. c4 e6 3. Nc3 Bb4 4. Qc2 O-O 5. Bg5 c5 6. dxc5 Bxc3+ 7. Qxc3 Ne4 8.
Bxd8 Nxc3 9. Be7 Re8 10. Bd6 Ne4 11. f3 Nxd6 12. cxd6 b6 13. e4 e5 14. Ne2 Re6
15. Rd1 Nc6 16. Nc3 a6 17. Nd5 Rb8 18. b4 Rxd6 19. Ne7+ Kf8 20. Rxd6 Kxe7 21.
Rd2 Nxb4 22. Be2 Nc6 23. O-O Nd4 24. f4 d6 25. fxe5 dxe5 26. Rb1 Kd6 27. Kf2 Kc5
28. h3 Be6 29. Bf1 Rc8 30. Rdb2 Rc6 31. a4 a5 32. g4 Bd7 33. Ke3 Rf6 34. Bg2
Bxa4 35. g5 Rf4 36. Rxb6 Bc2 37. R1b5+ Nxb5 38. Rxb5+ Kxc4 39. Rxe5 Rh4 40. Rxa5
Bb3 41. Kf3 Kd4 42. Kg3 Rxe4 43. Bxe4 Kxe4 44. h4 Bd1 45. Ra7 Bh5 46. Ra8 Kf5
47. Rg8 Kg6 48. Kf4 h6 49. Rd8 hxg5+ 50. hxg5 f6 51. gxf6 gxf6 52. Rd2 Kf7 53.
Rg2 Ke6 54. Rh2 Bd1 55. Rh1 Bc2 56. Rc1 Bd3 57. Rc6+ Kf7 58. Rd6 Bb1 59. Rc6 Bd3
60. Ke3 Bb1 61. Kd4 Kg6 62. Rc1 Bf5 63. Rg1+ Kf7 64. Kd5 Bc2 65. Kd6 Bd3 66. Rg3
Bc2 67. Rc3 Be4 68. Re3 Bc2 69. Rc3 Be4 70. Rc4 Bd3 71. Rc7+ Kg6 72. Rc3 Be4 73.
Rg3+ Kf7 74. Rg4 Bd3 75. Rd4 Bc2 76. Rc4 Bd3 77. Rc7+ Kg6 78. Ke6 Bf5+ 79. Ke7
Be4 80. Rd7 Kg5 81. Rd6 f5 82. Ke6 Kf4 83. Rd1 Ke3 {Game drawn by mutual
agreement} 1/2-1/2

[Event "Team 45 45 League T44"]
[Site "Internet Chess Club"]
[Date "2010.02.13"]
[Round "2"]
[White "saata"]
[Black "Mat55"]
[Result "0-1"]
[WhiteElo "1400"]
[BlackElo "1748"]
[Opening "Four knights: double Ruy Lopez"]
[ECO "C49"]
[Time "10:05:04"]
[TimeControl "2700+45"]

1. e4 e5 2. Nf3 Nf6 3. Nc3 Nc6 4. Bb5 Bb4 5. d3 d6 6. h3 Bd7 7. Bg5 h6 8. Bh4 g5
9. Bg3 a6 10. Bc4 Na5 11. a3 Bxc3+ 12. bxc3 Nxc4 13. dxc4 Nxe4 14. Qd5 Bc6 15.
Qd3 f5 16. c5 Nxg3 17. fxg3 e4 18. Qd4 Rf8 19. Nd2 dxc5 20. Qxc5 Qe7 21. Qb4 Qe5
22. Nf1 e3 23. Rg1 e2 24. Nd2 Qxg3+ 25. Kxe2 O-O-O 26. Nf1 Rfe8+ 27. Ne3 Qxe3+
28. Kf1 Qe2# {White checkmated} 0-1

[Event "Team 45 45 League T44"]
[Site "Internet Chess Club"]
[Date "2010.02.12"]
[Round "2"]
[White "Kolibri"]
[Black "SlimeDog2"]
[Result "1/2-1/2"]
[WhiteElo "2096"]
[BlackElo "2166"]
[Opening "Petrov: classical attack, Marshall variation"]
[ECO "C42"]
[Time "16:00:15"]
[TimeControl "2700+45"]

1. e4 e5 2. Nf3 Nf6 3. Nxe5 d6 4. Nf3 Nxe4 5. d4 d5 6. Bd3 Bd6 7. O-O O-O 8. c4
c6 9. Nc3 Nxc3 10. bxc3 dxc4 11. Bxc4 Bg4 12. Re1 Nd7 13. Rb1 Qc7 14. h3 Bh5 15.
Bd3 Rfe8 16. Be3 Nf6 17. c4 Ne4 18. Qc2 Bxf3 19. gxf3 Nf6 20. Bg5 Rxe1+ 21. Rxe1
Qa5 22. Bd2 Bb4 23. Re5 Qa3 24. Re3 Qa5 25. Re5 Qa3 26. Re3 Qa5 27. Re5 {Game
drawn by repetition} 1/2-1/2

[Event "Team 45 45 League T44"]
[Site "Internet Chess Club"]
[Date "2010.02.15"]
[Round "2"]
[White "Gregorio"]
[Black "Monsoon-Smith"]
[Result "0-1"]
[WhiteElo "2050"]
[BlackElo "2037"]
[Opening "English opening"]
[ECO "A20"]
[Time "20:00:27"]
[TimeControl "2700+45"]

1. c4 e5 2. g3 Nf6 3. Bg2 d5 4. b3 dxc4 5. bxc4 Bd6 6. Nc3 c6 7. Nf3 O-O 8. O-O
Re8 9. Qc2 Na6 10. Rb1 Qe7 11. d3 h6 12. Nd2 Nc5 13. Ba3 Bf5 14. Bxc5 Bxc5 15.
Na4 Rab8 16. Nxc5 Qxc5 17. Nb3 Qe7 18. Qc3 e4 19. Qa5 Bg6 20. Rbd1 e3 21. f3 b6
22. Qc3 c5 23. d4 cxd4 24. Rxd4 Rbd8 25. Rfd1 Rxd4 26. Rxd4 Qa3 27. Qa1 Bc2 28.
Nc1 b5 29. Nd3 bxc4 30. Ne1 Bb3 31. Kf1 Qxa2 32. Rd1 Qxa1 33. Rxa1 Re7 34. f4
Ng4 35. Nf3 Rc7 36. h3 Nf2 37. Nd4 Rd7 38. Nf5 Rd1+ 39. Rxd1 Nxd1 40. Bd5 a5 41.
Ke1 Nc3 42. Bxc4 Bxc4 43. Nxe3 Bb5 44. Nc2 Nxe2 45. Kf2 a4 46. f5 Kf8 47. g4 Ke7
48. Ke3 Kd6 49. h4 Ke5 50. h5 Nf4 51. Na3 Bd3 52. g5 {White resigns} 0-1

[Event "Team 45 45 League T44"]
[Site "Internet Chess Club"]
[Date "2010.02.13"]
[Round "2"]
[White "fledermaus"]
[Black "adh2050"]
[Result "1/2-1/2"]
[WhiteElo "1926"]
[BlackElo "2028"]
[Opening "Nimzo-Indian: classical, 4...Nc6"]
[ECO "E33"]
[Time "19:22:57"]
[TimeControl "2700+45"]

1. d4 Nf6 2. c4 e6 3. Nc3 Bb4 4. Qc2 Nc6 5. Nf3 O-O 6. a3 Bxc3+ 7. Qxc3 h6 8. e3
Ne4 9. Qc2 d5 10. Bd3 Nf6 11. b4 Re8 12. Bb2 b6 13. O-O Bb7 14. Ne5 Ne7 15. Rac1
Rc8 16. b5 dxc4 17. Qxc4 c5 18. Qa4 Rc7 19. dxc5 bxc5 20. Rfd1 Qa8 21. Bf1 Nf5
22. Nc4 Rf8 23. Na5 Bd5 24. Rxd5 Qxd5 25. Bxf6 gxf6 26. e4 Qd2 27. Rd1 Qf4 28.
g3 Nxg3 29. hxg3 Qg4 30. Qc2 h5 31. Qe2 Qg6 32. Bh3 Rfc8 33. Nc4 Kg7 34. a4 Rg8
35. a5 Kh8 36. b6 axb6 37. axb6 Rb7 38. Rb1 h4 39. g4 f5 40. exf5 exf5 41. g5
Qxg5+ 42. Kh1 Re7 43. Qb2+ Kh7 44. b7 Qf4 45. b8=Q Rxb8 46. Qxb8 Re1+ 47. Rxe1
Qxb8 48. Bxf5+ Kh6 {Game drawn by mutual agreement} 1/2-1/2

[Event "Team 45 45 League T44"]
[Site "Internet Chess Club"]
[Date "2010.02.16"]
[Round "2"]
[White "Cristina"]
[Black "baumhauer"]
[Result "1-0"]
[WhiteElo "2095"]
[BlackElo "1925"]
[Opening "Sicilian defense"]
[ECO "B40"]
[Time "08:00:39"]
[TimeControl "2700+45"]

1. e4 c5 2. Nf3 e6 3. d3 Nc6 4. Nbd2 g6 5. g3 Bg7 6. Bg2 Nge7 7. O-O O-O 8. Ne1
f5 9. f4 Rb8 10. Ndf3 b5 11. e5 d6 12. Qe2 dxe5 13. fxe5 Nd4 14. Nxd4 Qxd4+ 15.
Be3 Qxe5 16. Nf3 Qxb2 17. Bxc5 Re8 18. d4 Nc6 19. Qd2 Rd8 20. c3 Qxd2 21. Nxd2
Bb7 22. Nf3 h6 23. Rfe1 Kf7 24. Rad1 Ba8 25. a3 a5 26. Bf1 Bf8 27. Bxf8 Rxf8 28.
d5 exd5 29. Rxd5 Rfd8 30. Rc5 Kf6 31. Bxb5 Na7 32. Be2 Re8 33. Nd4 Be4 34. Rxa5
Nc6 35. Ra6 Rec8 36. Bb5 Kg5 37. Bxc6 {Black resigns} 1-0

[Event "Team 45 45 League T44"]
[Site "Internet Chess Club"]
[Date "2010.02.15"]
[Round "2"]
[White "AugustoCaruso"]
[Black "Uwak"]
[Result "0-1"]
[WhiteElo "2196"]
[BlackElo "2402"]
[Opening "French: Steinitz variation"]
[ECO "C11"]
[Time "11:00:17"]
[TimeControl "2700+45"]

1. d4 e6 2. e4 d5 3. Nc3 Nf6 4. e5 Nfd7 5. Qh5 c5 6. Nf3 cxd4 7. Nxd4 Qb6 8.
Ndb5 Nc6 9. Nxd5 exd5 10. e6 Nde5 11. exf7+ Nxf7 12. Bf4 Bb4+ 13. c3 O-O 14. Bd3
Re8+ 15. Kf1 g6 16. Bxg6 Qxb5+ 17. Kg1 hxg6 18. Qxg6+ Kf8 19. Bh6+ Ke7 20. Re1+
Nce5 21. cxb4 Be6 22. Qh5 Kd7 23. Bg7 Bg4 24. Qh7 Nf3+ 25. gxf3 Rxe1+ 26. Kg2
Bxf3+ 27. Kg3 Bxh1 {White resigns} 0-1

[Event "Team 45 45 League T44"]
[Site "Internet Chess Club"]
[Date "2010.02.12"]
[Round "2"]
[White "izit"]
[Black "Gwyddbwyll"]
[Result "1-0"]
[WhiteElo "2203"]
[BlackElo "1885"]
[Opening "QGD: Tarrasch, von Hennig-Schara gambit"]
[ECO "D32"]
[Time "15:38:33"]
[TimeControl "2700+45"]

1. d4 d5 2. c4 e6 3. Nc3 c5 4. cxd5 cxd4 5. Qa4+ Bd7 6. Qxd4 exd5 7. Qxd5 Nc6 8.
Nf3 Nf6 9. Qb3 Bb4 10. a3 Be6 11. Qc2 Bxc3+ 12. Qxc3 O-O 13. Bg5 Ne4 14. Bxd8
Nxc3 15. Bh4 Ne4 16. e3 f6 17. Bd3 Nc5 18. Bc2 Rfd8 19. O-O g5 20. Bg3 Bb3 21.
Rac1 Bxc2 22. Rxc2 Ne4 23. b4 Nxg3 24. hxg3 Rd3 25. b5 Na5 26. Ra1 Rad8 27. Nd4
Nb3 28. Nxb3 Rxb3 29. a4 Rbd3 30. g4 Rd1+ 31. Rxd1 Rxd1+ 32. Kh2 Ra1 33. Rc7 a6
34. Rxb7 Rxa4 35. b6 Rb4 36. Kg3 a5 37. f4 gxf4+ 38. exf4 Rb3+ 39. Kh4 a4 40. g5
a3 41. gxf6 a2 42. Ra7 Rxb6 43. Rxa2 Rxf6 44. Kg5 Rg6+ 45. Kf5 Rg3 46. Kf6 h5
47. f5 Kh7 48. Kf7 Rg7+ 49. Kf6 Rg3 50. Rb2 h4 51. Kf7 Rg7+ 52. Kf6 Rg3 53. Rc2
h3 54. gxh3 Rxh3 55. Kf7 Kh8 56. f6 {Black resigns} 1-0

[Event "Team 45 45 League T44"]
[Site "Internet Chess Club"]
[Date "2010.02.15"]
[Round "2"]
[White "obientag"]
[Black "Gil-galad"]
[Result "1/2-1/2"]
[WhiteElo "1701"]
[BlackElo "2103"]
[Opening "King's Indian, 3.Nf3"]
[ECO "E62"]
[Time "14:30:10"]
[TimeControl "2700+45"]

1. c4 Nf6 2. Nf3 g6 3. d4 Bg7 4. g3 O-O 5. Nc3 d6 6. e4 Bg4 7. Bg2 Nc6 8. O-O e5
9. d5 Nd4 10. Be3 Re8 11. h3 Nxf3+ 12. Bxf3 Bxh3 13. Bg2 Qd7 14. f4 exf4 15.
Rxf4 Bxg2 16. Kxg2 Nh5 17. Rh4 f5 18. Bd4 fxe4 19. Nxe4 Rf8 20. Bxg7 Qxg7 21.
Qb3 Rae8 22. Re1 Qd4 23. Re2 b6 24. Qc3 Qxc3 25. Nxc3 Rxe2+ 26. Nxe2 Re8 27. Nd4
Re1 28. b3 Ra1 29. a4 {Game drawn by mutual agreement} 1/2-1/2